 Dungeon Crawl Stone Soup version 0.30-a0-377-g5cb311bc9f (webtiles) character file.

Game seed: 13903638630264833366

82 Smeargle the Shooter (level 4, 0/27 HPs)
             Began as a Gargoyle Hunter on Nov 28, 2022.
             Slain by a hobgoblin (3 damage)
             ... led by Robin
             ... on level 2 of the Dungeon.
             The game lasted 00:09:05 (1127 turns).

Smeargle the Shooter (Gargoyle Hunter)              Turns: 1127, Time: 00:09:05

Health: 0/27       AC: 12    Str: 17    XL:     4   Next: 43%
Magic:  4/4        EV:  7    Int:  9    God:
Gold:   82         SH:  0    Dex: 13    Spells: 3/3 levels left

rFire   . . .      SeeInvis .    a - +0 shortbow
rCold   . . .      Faith    .    (shield currently unavailable)
rNeg    + . .      Spirit   .    g - +0 chain mail
rPois   ∞          Reflect  .    (no helmet)
rElec   +          Harm     .    i - +0 cloak
rCorr   .          Rampage  .    (no gloves)
Will    .....                    (no boots)
Stlth   ..........               (no amulet)
HPRegen 0.24/turn                (no ring)
MPRegen 0.09/turn                (no ring)

@: no status effects
A: sickness immunity, AC +3, negative energy resistance 1, electricity
resistance, torment resistance 1, petrification resistance
a: no special abilities


You were on level 2 of the Dungeon.
You visited 1 branch of the dungeon, and saw 2 of its levels.

You collected 82 gold pieces.

Inventory:

Hand Weapons
 a - a +0 shortbow (weapon)
 j - a +0 battleaxe
Missiles
 h - 5 silver javelins
Armour
 c - a +0 leather armour
 d - an orb of energy
 g - a +0 chain mail (worn)
 i - a +0 cloak (worn)
Magical Staves
 e - a staff of poison
Scrolls
 b - 2 scrolls of immolation
 k - a scroll of identify


   Skills:
 + Level 2.5 Fighting
 + Level 5.5 Ranged Weapons
 + Level 0.4 Armour
 + Level 1.7 Dodging
 + Level 1.1 Stealth


You had 3 spell levels left.
You didn't know any spells.
Your spell library contained the following spells:

 Spells                   Type           Power      Damage    Failure   Level
 Stone Arrow              Conj/Erth      0%         3d7       100%        3
 Animate Armour           Summ/Erth      0%         N/A       100%        4
 Lehudib's Crystal Spear  Conj/Erth      0%         10d2      100%        8


Dungeon Overview and Level Annotations

Branches:
Dungeon (2/15)

Altars:

Annotations:
D:1 2 runed translucent doors
D:2 Robin


Innate Abilities, Weirdness & Mutations

You are immune to sickness and miasma.
Your stone body is resilient. (AC +3)
You are immune to poison.
You resist negative energy. (rN+)
You are resistant to electric shocks. (rElec)
You are resistant to unholy torment.
You are immune to petrification.


Message History

* * * LOW HITPOINT WARNING * * *
The goblin hits you with a +0 dagger.
* * * LOW HITPOINT WARNING * * *
The hobgoblin barely misses you.
The hobgoblin hits you but does no damage.
Robin throws the goblin at you!
The goblin hits you but does no damage. x2
You feel better. The goblin barely misses you. The hobgoblin hits you.
* * * LOW HITPOINT WARNING * * *
The goblin hits you but does no damage. Robin throws the goblin at you!
* * * LOW HITPOINT WARNING * * *
The goblin hits you but does no damage.
You shoot an arrow. The arrow hits the goblin.
You kill the goblin!
The hobgoblin closely misses you. Robin throws the goblin at you!
The goblin closely misses you.
The goblin hits you but does no damage. x3
The goblin closely misses you. The hobgoblin hits you.
* * * LOW HITPOINT WARNING * * *
You feel better.
The hobgoblin no longer looks unusually strong.
Robin roars a battlecry!
The hobgoblin goes into a battle-frenzy!
The goblin hits you but does no damage.
The hobgoblin hits you but does no damage.
The goblin hits you but does no damage. The goblin barely misses you.
You shoot an arrow. The arrow hits the goblin.
The goblin is severely wounded.
The goblin no longer looks unusually strong.
The goblin hits you but does no damage. The hobgoblin hits you.
Robin hits you but does no damage. The goblin barely misses you.
The goblin hits you with a +0 club.
* * * LOW HITPOINT WARNING * * *
You shoot an arrow. The arrow hits the goblin.
You kill the goblin!
The hobgoblin no longer looks unusually strong.
Robin roars a battlecry!
The goblins go into a battle-frenzy!
The hobgoblin completely misses you. The goblin hits you with a +0 dagger.
* * * LOW HITPOINT WARNING * * *
The hobgoblin hits you.
You die...

.>. # #.# .( #.#
... #.# ## #'#.
#.# ...
.....###.# ....
......g#g##.....
).).))g@).......
....##g#g###....
. #.#.### .
#########..
#.#...####
...........
#.###...(#
##...####.#
#......#.#
........#.#
######...##
##...##.#.#
##...#
#..(##.#.##
##..####


You could see Robin, 2 hobgoblins and 2 goblins.

Vanquished Creatures
  Jessica (D:2)
  A dart slug (D:1)
  3 ball pythons
  3 bats (D:1)
  6 endoplasms (D:1)
  8 goblins
  5 hobgoblins
  8 jackals (D:1)
  3 quokkas (D:1)
  3 frilled lizards (D:1)
  3 kobolds (D:1)
  3 rats
47 creatures vanquished.

Vanquished Creatures (others)
  A goblin (D:2)
1 creature vanquished.

Grand Total: 48 creatures vanquished

Notes
Turn   | Place    | Note
-------+----------+-------------------------------------------
     0 | D:1      | Smeargle the Gargoyle Hunter began the quest for the Orb.
     0 | D:1      | Reached XP level 1. HP: 12/12 MP: 1/1
    37 | D:1      | Found a large runed translucent door.
    37 | D:1      | Found a large runed translucent door.
    51 | D:1      | Reached XP level 2. HP: 5/17 MP: 2/2
   248 | D:1      | Reached XP level 3. HP: 22/22 MP: 3/3
   687 | D:1      | Reached skill level 5 in Ranged Weapons
  1103 | D:2      | Noticed Jessica
  1108 | D:2      | Killed Jessica
  1109 | D:2      | Reached XP level 4. HP: 27/27 MP: 4/4
  1115 | D:2      | Noticed Robin
  1127 | D:2      | Slain by a hobgoblin

Illustrated notes

Levels and vault maps discovered:
D:1:      erik_arrival_cave_to_civilisation [erik_arrival_cave_to_temple],
          layout_loops_ring, minmay_distorted
D:2:      layout_basic, uniq_robin, uniq_jessica

Skill      XL: |  1  2  3 |
---------------+----------+-----
Ranged Weapons | 5 |  5.5
Fighting       | |  2.5
Armour         | |  0.4
Dodging        | |  1.7
Stealth        | |  1.1

Action                   |  1- 3 |  4- 6 || total
-------------------------+-------+-------++-------
 Fire: Shortbow          |   111 |    14 ||   125
  Use: Potion            |     3 |     2 ||     5
       Scroll            |     2 |       ||     2
Armor: Leather armour    |    38 |       ||    38
       Chain mail        |    11 |    15 ||    26
Dodge: Dodged            |    67 |     9 ||    76

Table legend: (Time is in decaauts)
 A = Elapsed time spent in this place.
 B = Non-inter-level travel time spent in this place.
 C = Inter-level travel time spent in this place.
 D = Time resting spent in this place.
 E = Time spent auto-exploring this place.
 F = Levels seen in this place.
 G = Mean time per level.
                   A        B        C        D        E       F      G
               +--------+--------+--------+--------+--------+-----+--------+
         Total |   1186 |    308 |    878 |      0 |      0 |   2 |  593.0 |
       Dungeon |   1186 |    308 |    878 |      0 |      0 |   2 |  593.0 |
               +--------+--------+--------+--------+--------+-----+--------+

Top non-repeatable levels by time:
     D:1: 979 daAuts
     D:2: 207 daAuts
